 Dungeon Crawl Stone Soup version 0.21.1-1-g345015f (webtiles) character file.

84 tyranidshit the Skirmisher (level 4, -1/39 HPs)
             Began as a Demonspawn Abyssal Knight on July 26, 2018.
             Was a Believer of Lugonu.
             Slain by tester123's ghost (4 damage)
             ... on level 3 of the Dungeon.
             The game lasted 00:04:51 (1643 turns).

tyranidshit the Skirmisher (DsAK)                   Turns: 1643, Time: 00:04:51

Health: -1/39      AC:  4    Str: 12 (13) XL:     4   Next: 24%
Magic:  0/5        EV: 11    Int: 11 (14) God:    Lugonu [**....]
Gold:   70         SH:  0    Dex: 11 (12) Spells: 3/3 levels left

rFire    + . .     SeeInvis .   a - +1 hand axe
rCold    . . .     Gourm    .   (no shield)
rNeg     . . .     Faith    .   b - +1 leather armour
rPois    .         Spirit   +   (helmet restricted)
rElec    .         Reflect  .   (no cloak)
rCorr    .         Harm     .   (no gloves)
MR       .....                  (no boots)
Stlth    +.........             (no amulet)
HPRegen  0.13/turn              j - ring of protection from fire
MPRegen  0.18/turn              (no ring)

@: no status effects
A: antennae 1, magic shield, magic regeneration
a: Depart the Abyss, Bend Space, Renounce Religion


You were on level 3 of the Dungeon.
You worshipped Lugonu.
Lugonu was pleased with you.
You were not hungry.

You visited 1 branch of the dungeon, and saw 3 of its levels.
You visited the Abyss 1 time.

You collected 70 gold pieces.

Inventory:

Hand Weapons
 a - a +1 hand axe (weapon)
 e - a +0 quarterstaff
Armour
 b - a +1 leather armour (worn)
Jewellery
 j - a ring of protection from fire (left hand)
Scrolls
 d - a scroll of identify
 k - 2 scrolls of teleportation
Potions
 f - 2 potions of resistance
 g - a potion of curing
Comestibles
 c - 2 rations


   Skills:
 + Level 5.1 Fighting
 - Level 1.7 Axes
 - Level 1.7 Armour
 - Level 0.8 Dodging
 - Level 2.4 Invocations


You had 3 spell levels left.
You didn't know any spells.

Dungeon Overview and Level Annotations

Branches:
Dungeon (3/15)

Altars:

Annotations:
D:3 tester123's ghost, weakling MiFi


Innate Abilities, Weirdness & Mutations

You have a pair of small antennae on your head.
When hurt, damage is shared between your health and your magic reserves.
You regenerate magic rapidly.


Message History

Tester123's ghost is moderately damaged.
Tester123's ghost hits you.
You hit tester123's ghost but do no damage.
Tester123's ghost is moderately damaged.
Tester123's ghost hits you.
* * * LOW HITPOINT WARNING * * *
You hit tester123's ghost.
Tester123's ghost is moderately damaged.
Tester123's ghost hits you!
* * * LOW HITPOINT WARNING * * *
You feel better. Tester123's ghost barely misses you.
Tester123's ghost hits you!
* * * LOW HITPOINT WARNING * * *
You completely miss tester123's ghost.
Tester123's ghost is moderately damaged.
Tester123's ghost misses you.
You hit tester123's ghost.
Tester123's ghost is heavily damaged.
Tester123's ghost hits you.
You die...

#.##. ..#.#.##..#
....#..#.#.##..# ....
...).#..#
####.###.##.#..#
##....)...##.#..#
#.......(((.(...#####
#........###.........
#....W...# #.........
#...@....# ##.#......
#.......(# #.######.
##.......# #.#
...####### #.# # .##.
#.# #. #. #.
#######.# #. . .
........######. #
########.......
#.#.#.#.


You could see tester123's ghost.

Vanquished Creatures
  3 adders (D:2)
  A worm (D:2)
  3 leopard geckos (D:1)
  5 giant cockroaches
  3 goblins
  7 hobgoblins
  3 jackals (D:2)
  A quokka (D:2)
  A ball python (D:2)
  8 bats
  4 frilled lizards
  7 kobolds
  4 rats
50 creatures vanquished.

Notes
Turn   | Place    | Note
-------+----------+-------------------------------------------
     0 | Abyss:1  | tyranidshit the Demonspawn Abyssal Knight began the quest for the Orb.
     0 | Abyss:1  | Reached XP level 1. HP: 18/18 MP: 2/2
    16 | Abyss:1  | Found a bloodstained altar of Trog.
    95 | Abyss:2  | Noticed a large abomination
   117 | D:1      | Escaped the Abyss
   244 | D:1      | Reached * piety under Lugonu
   244 | D:1      | Gained mutation: When hurt, damage is shared between your health and your magic reserves. [demonic ancestry]
   244 | D:1      | Reached XP level 2. HP: 19/24 MP: 3/3
   508 | D:1      | Reached skill level 4 in Fighting
   869 | D:2      | Gained mutation: You have a pair of small antennae on your head. [demonic ancestry]
   869 | D:2      | Reached XP level 3. HP: 22/30 MP: 4/4
  1223 | D:2      | Reached ** piety under Lugonu
  1277 | D:2      | Gained mutation: You regenerate magic rapidly. [demonic ancestry]
  1277 | D:2      | Reached XP level 4. HP: 22/38 MP: 2/5
  1356 | D:2      | Reached skill level 5 in Fighting
  1624 | D:3      | Noticed tester123's ghost (weakling MiFi)
  1643 | D:3      | Slain by tester123's ghost

Skill      XL: |  1  2  3  4 |
---------------+-------------+-----
Fighting       | 4 5 |  5.1
Axes           | |  1.7
Armour         | |  1.7
Dodging        | |  0.8
Invocations    | |  2.4

Action                   |  1- 3 |  4- 6 || total
-------------------------+-------+-------++-------
Melee: Quarterstaff      |    57 |       ||    57
       Hand axe          |    99 |    32 ||   131
Invok: Depart the Abyss  |     1 |       ||     1
  Use: Potion            |    10 |     1 ||    11
       Scroll            |     5 |     3 ||     8
  Eat: Ration            |     1 |       ||     1
Armor: Leather armour    |    52 |    11 ||    63
Dodge: Dodged            |   104 |    27 ||   131
